 Dungeon Crawl Stone Soup version 0.16-b1 (webtiles) character file.

1201 kae the Basher (level 8, -2/64 HPs)
             Began as a Minotaur Fighter on Mar 5, 2015.
             Was a Follower of Okawaru.
             Slain by a wyvern zombie (4 damage)
             ... on level 6 of the Dungeon.
             The game lasted 00:04:00 (4361 turns).

kae the Basher (Minotaur Fighter)                   Turns: 4361, Time: 00:04:00

Health: -2/64      AC: 10    Str: 27    XL:     8   Next: 21%
Magic:  1/3        EV: 12    Int:  7    God:    Okawaru [*.....]
Gold:   261        SH: 12    Dex: 15    Spells: 0 memorised, 7 levels left

rFire  . . .     SeeInvis .     B - +0 flail (holy)
rCold  . . .     Clarity  .     b - +0 scale mail
rNeg   . . .     SustAb   .     c - +0 shield
rPois  .         Gourm    .     (helmet restricted)
rElec  .         Spirit   .     (no cloak)
rCorr  .         Warding  .     s - +1 pair of gloves
rMut   .         Rnd*Tele +     (no boots)
MR     .....                    (no amulet)
Stlth  +.........               G - ring of teleportation
                                k - +6 ring of dexterity

@: mighty, heroism, not resistant to hostile enchantments, very unstealthy
A: retaliatory headbutt, horns 2
a: Heroism, Renounce Religion, Evoke Teleportation


You were on level 6 of the Dungeon.
You worshipped Okawaru.
Okawaru was aware of your devotion.
You were not hungry.

You visited 1 branch of the dungeon, and saw 6 of its levels.

You collected 261 gold pieces.

Inventory:

Hand weapons
 a - a +0 flail
 h - a +1 flail of protection
 B - a +0 flail of holy wrath (weapon)
Armour
 b - a +0 scale mail (worn)
 c - a +0 shield (worn)
 s - a +1 pair of gloves (worn)
Jewellery
 i - an uncursed ring of poison resistance {unknown}
 k - a +6 ring of dexterity (left hand)
 r - an uncursed ring of invisibility
 y - an uncursed amulet of resist mutation
 G - a ring of teleportation (right hand)
Magical devices
 A - a wand of lightning (9)
 F - a wand of enslavement (9)
Scrolls
 f - 2 scrolls of enchant armour
 g - 3 scrolls of identify
 l - 2 scrolls of remove curse
 m - a scroll of teleportation
 n - a scroll of magic mapping
 t - 2 scrolls of recharging
Potions
 e - a potion of might
 o - a potion of cure mutation {unknown}
 p - a potion of flight {unknown}
 u - a potion of poison {unknown}
 v - a potion of invisibility {unknown}
 x - a potion of beneficial mutation {unknown}
Comestibles
 d - 4 bread rations
 j - 4 beef jerkies
 q - a meat ration
 z - a royal jelly


   Skills:
 - Level 3.6(8.6) Fighting
 + Level 11.7(16.7) Maces & Flails
 - Level 3.6(8.6) Armour
 - Level 3.6(8.6) Shields


You had 7 spell levels left.
You didn't know any spells.

Dungeon Overview and Level Annotations

Branches:
Dungeon (6/15)
 Temple: D:4-7

Altars:
Ashenzari
Dithmenos
Elyvilon
Fedhas
Okawaru
Ru
Yredelemnul


Innate Abilities, Weirdness & Mutations

You reflexively headbutt those who attack you in melee.
You have a pair of horns on your head.


Message History

You fail to use your ability.
You block the wyvern zombie's attack. You block the wyvern zombie's attack.
Use which ability? (? or * to list)
You gain the combat prowess of a mighty hero.
You feel slightly more hungry. You block the wyvern zombie's attack.
The black bear bites you but does no damage.
You block the black bear's attack. The black bear barely misses you.
You hit the wyvern zombie.
The wyvern zombie convulses.
The wyvern zombie bites you but does no damage.
You hit the black bear but do no damage.
The black bear is moderately wounded.
The black bear bites you.
* * * LOW HITPOINT WARNING * * *
The black bear closely misses you.
The black bear claws you but does no damage.
You block the wyvern zombie's attack.
Drink which item? (? for menu, Esc to quit)
You feel very mighty all of a sudden. The wyvern zombie bites you.
You die...

........##.....##....#...##
##.#..#.##.#).##..........##
...#.##...(.).#....).).....#
.###.#........#.........?..#
####<#........#.......<....#
.......)......#..!........##
####.#.........%#....#...##
#..............###.#####
#..##.....###.@Z....# #...
#.##### #..h....# #.. ..#
##......# . ### #......#
#......# ######.# .. ...


You could see a black bear and a wyvern zombie.

Vanquished Creatures
  A phantom (D:4)
  An ogre (D:4)
  A black bear (D:5)
  An ice beast (D:5)
  A centaur (D:6)
  Sigmund (D:5)
  A giant frog (D:6)
  A scorpion (D:6)
  A crimson imp (D:5)
  2 hounds (D:4)
  2 centaur skeletons (D:4)
  3 orc priests (D:4)
  2 iguanas
  4 worker ants
  7 adders
  A gnoll (D:1)
  A giant mite (D:3)
  3 worms
  A shadow imp (D:6)
  An adder zombie (D:6)
  6 giant geckos
  An ooze (D:2)
  13 orcs
  A ball python (D:2)
  6 bats
  8 giant cockroaches
  10 hobgoblins
  5 jackals
  2 giant newts
  2 gnoll zombies (D:3)
  10 goblins
  9 kobolds
  2 quokkas (D:3)
  A quokka skeleton (D:5)
  10 rats
122 creatures vanquished.

Notes
Turn   | Place    | Note
--------------------------------------------------------------
     0 | D:1      | kae, the Minotaur Fighter, began the quest for the Orb.
     0 | D:1      | Reached XP level 1. HP: 19/19 MP: 1/1
    80 | D:1      | Reached XP level 2. HP: 24/26 MP: 1/1
   603 | D:1      | Reached skill level 4 in Maces & Flails
   770 | D:2      | Reached XP level 3. HP: 31/31 MP: 2/2
   883 | D:2      | Found a blossoming altar of Fedhas.
   977 | D:2      | Reached skill level 5 in Maces & Flails
   981 | D:2      | Found a white marble altar of Elyvilon.
  1163 | D:2      | Reached XP level 4. HP: 37/39 MP: 2/2
  1451 | D:3      | Found a shattered altar of Ashenzari.
  1721 | D:3      | Reached skill level 6 in Maces & Flails
  2091 | D:3      | Found a basalt altar of Yredelemnul.
  2341 | D:4      | Reached XP level 5. HP: 45/45 MP: 2/2
  2371 | D:4      | Reached skill level 7 in Maces & Flails
  2390 | D:4      | Noticed an ogre
  2395 | D:4      | Killed an ogre
  2395 | D:4      | Reached XP level 6. HP: 38/51 MP: 3/3
  2563 | D:4      | Reached skill level 8 in Maces & Flails
  2662 | D:4      | Noticed a phantom
  2702 | D:4      | Killed a phantom
  2753 | D:4      | Reached skill level 9 in Maces & Flails
  2932 | D:4      | Reached XP level 7. HP: 57/57 MP: 3/3
  3367 | D:4      | Found an iron altar of Okawaru.
  3379 | D:4      | Became a worshipper of Warmaster Okawaru
  3428 | D:5      | Entered Level 5 of the Dungeon
  3454 | D:5      | Noticed Sigmund
  3464 | D:5      | Killed Sigmund
  3480 | D:5      | Reached skill level 10 in Maces & Flails
  3662 | D:5      | Found a shadowy altar of Dithmenos.
  4006 | D:5      | Acquired Okawaru's first power
  4171 | D:6      | Reached skill level 11 in Maces & Flails
  4187 | D:6      | Reached XP level 8. HP: 46/64 MP: 3/3
  4188 | D:6      | Found a sacrificial altar of Ru.
  4360 | D:6      | HP: 2/64 [black bear (6)]
  4361 | D:6      | Slain by a wyvern zombie

Action                   |  1- 3 |  4- 6 |  7- 9 || total
-------------------------+-------+-------+-------++-------
Melee: Flail             |    83 |   143 |   122 ||   348
Invok: Heroism           |       |       |     1 ||     1
  Use: Scroll            |       |       |     9 ||     9
       Potion            |       |       |     1 ||     1
  Eat: Chunk             |       |     5 |     5 ||    10
       Beef jerky        |       |     1 |       ||     1
